PL
CHICAGO GOLD SOX @ BOSTON PATRIOTS
09/24/2024
 
TOP OF THE 1ST
Chicago Gold Sox batting - Pitching for Boston Patriots : RHP Bruce Wright
Pitching: RHP Bruce Wright
Batting: RHB Rod Jones 0-0: Ball
1-0: Ball
2-0: Foul Ball, location: 2F
2-1: Ball
3-1: Base on Balls
Batting: LHB Eddie Flynn 0-0: Called Strike
0-1: Called Strike
0-2: Ball
1-2: Ball
2-2: Foul Ball, location: 2F
2-2: Ball
3-2: Foul Ball, location: 2F
3-2: Base on Balls
Rod Jones to second
Batting: LHB Noel Ballard 0-0: Ball
1-0: SINGLE (Line Drive, 8LS)
Rod Jones to third
Eddie Flynn to second
Batting: LHB Melvin Castro 0-0: Swinging Strike
0-1: SINGLE (Line Drive, 4MD)
Rod Jones scores
Eddie Flynn to third
Noel Ballard to second
Batting: LHB Chris Hill 0-0: Ball
1-0: Ball
2-0: Foul Ball, location: 2F
2-1: Called Strike
2-2: Strikes out swinging
Batting: RHB Tyrone Scott 0-0: Ball
1-0: Ball
2-0: Ball
Wild Pitch!
Eddie Flynn scores
Noel Ballard to third
Melvin Castro to second
3-0: Called Strike
3-1: Base on Balls
Batting: LHB William Wise 0-0: Called Strike
0-1: Called Strike
0-2: Strikes out swinging
Batting: LHB Sam Good 0-0: Called Strike
0-1: Swinging Strike
0-2: Ball
1-2: Ball
2-2: Strikes out swinging
Top of the 1st over - 2 run(s), 2 hit(s), 0 error(s), 3 left on base; Chicago 2 - Boston 0
BOTTOM OF THE 1ST
Boston Patriots batting - Pitching for Chicago Gold Sox : RHP Ralph McKinney
Pitching: RHP Ralph McKinney
Batting: RHB Terry Armstrong 0-0: Fly out, F9 (Flyball, 89M)
Batting: RHB Wilfred McLaughlin 0-0: Called Strike
0-1: Foul Ball, location: 2F
0-2: Strikes out swinging
Batting: RHB Tommy Jones 0-0: Ball
1-0: Foul Ball, location: 2F
1-1: Fly out, F6 (Popup, 56)
Bottom of the 1st over - 0 run(s), 0 hit(s), 0 error(s), 0 left on base; Chicago 2 - Boston 0
TOP OF THE 2ND
Chicago Gold Sox batting - Pitching for Boston Patriots : RHP Bruce Wright
Batting: RHB Brady Ferris 0-0: Called Strike
0-1: Ball
1-1: Swinging Strike
1-2: Strikes out swinging
Batting: RHB Rod Jones 0-0: Ball
1-0: Called Strike
1-1: Foul Ball, location: 2F
1-2: Strikes out swinging
Batting: LHB Eddie Flynn 0-0: Ball
1-0: Called Strike
1-1: Called Strike
1-2: Foul Ball, location: 2F
1-2: Foul Ball, location: 2F
1-2: Ball
2-2: Ball
3-2: Foul Ball, location: 2F
3-2: DOUBLE (Groundball, 3L)
Batting: LHB Noel Ballard 0-0: Swinging Strike
0-1: Ball
1-1: Ball
2-1: Called Strike
2-2: Foul Ball, location: 2F
2-2: Strikes out swinging
Top of the 2nd over - 0 run(s), 1 hit(s), 0 error(s), 1 left on base; Chicago 2 - Boston 0
BOTTOM OF THE 2ND
Boston Patriots batting - Pitching for Chicago Gold Sox : RHP Ralph McKinney
Batting: RHB Karl Schultz 0-0: Foul Ball, location: 2F
0-1: Foul Ball, location: 2F
0-2: Foul Ball, location: 2F
0-2: Ball
1-2: SINGLE (Line Drive, 56D)
Batting: LHB Bill Chambers 0-0: Ball
1-0: SINGLE (Groundball, 6MD)
Karl Schultz to second
Batting: LHB Pancho García 0-0: Ball
1-0: Ball
2-0: Called Strike
2-1: SINGLE (Line Drive, 34)
Karl Schultz to third
Bill Chambers to second
Batting: RHB Tamasaburo Kato 0-0: Ball
1-0: Ball
2-0: Ball
3-0: Foul Ball, location: 2F
3-1: Called Strike
3-2: Grounds into double play, 4-6-3 (Groundball, 4)
Karl Schultz scores
Bill Chambers to third
Batting: LHB Jorge Pérez 0-0: Ball
1-0: Called Strike
1-1: Ball
2-1: Fly out, F8 (Flyball, 8RS)
Bottom of the 2nd over - 1 run(s), 3 hit(s), 0 error(s), 1 left on base; Chicago 2 - Boston 1
TOP OF THE 3RD
Chicago Gold Sox batting - Pitching for Boston Patriots : RHP Bruce Wright
Batting: LHB Melvin Castro 0-0: Swinging Strike
0-1: Ground out 1-3 (Groundball, 13)
Batting: LHB Chris Hill 0-0: Called Strike
0-1: Ball
1-1: SINGLE (Groundball, 4M)
Batting: RHB Tyrone Scott 0-0: Grounds into double play, 5-4-3 (Groundball, 5)
Top of the 3rd over - 0 run(s), 1 hit(s), 0 error(s), 0 left on base; Chicago 2 - Boston 1
BOTTOM OF THE 3RD
Boston Patriots batting - Pitching for Chicago Gold Sox : RHP Ralph McKinney
Batting: RHB Logan Cole 0-0: Swinging Strike
0-1: Foul Ball, location: 2F
0-2: Strikes out looking
Batting: RHB Terry Armstrong 0-0: Ball
1-0: Called Strike
1-1: Swinging Strike
1-2: Fly out, F4 (Popup, 4MD)
Batting: RHB Wilfred McLaughlin 0-0: SOLO HOME RUN (Flyball, 7D), Distance : 377 ft
Batting: RHB Tommy Jones 0-0: Fly out, F8 (Flyball, 8LXD)
Bottom of the 3rd over - 1 run(s), 1 hit(s), 0 error(s), 0 left on base; Chicago 2 - Boston 2
TOP OF THE 4TH
Chicago Gold Sox batting - Pitching for Boston Patriots : RHP Bruce Wright
Batting: LHB William Wise 0-0: Called Strike
0-1: Ball
1-1: Foul Ball, location: 2F
1-2: Ball
2-2: Fly out, F7 (Flyball, 78M)
Batting: LHB Sam Good 0-0: Ground out 5-3 (Groundball, 56S)
Batting: RHB Brady Ferris 0-0: Swinging Strike
0-1: Swinging Strike
0-2: Ball
1-2: Ball
2-2: Strikes out swinging
Top of the 4th over - 0 run(s), 0 hit(s), 0 error(s), 0 left on base; Chicago 2 - Boston 2
BOTTOM OF THE 4TH
Boston Patriots batting - Pitching for Chicago Gold Sox : RHP Ralph McKinney
Batting: RHB Karl Schultz 0-0: Called Strike
0-1: Ground out 6-3 (Groundball, 6M)
Batting: LHB Bill Chambers 0-0: Foul Ball, location: 2F
0-1: Swinging Strike
0-2: Ball
1-2: Ball
2-2: Fly out, F6 (Popup, 6)
Batting: LHB Pancho García 0-0: Ball
1-0: Fly out, F7 (Flyball, 7M)
Bottom of the 4th over - 0 run(s), 0 hit(s), 0 error(s), 0 left on base; Chicago 2 - Boston 2
TOP OF THE 5TH
Chicago Gold Sox batting - Pitching for Boston Patriots : RHP Bruce Wright
Batting: RHB Rod Jones 0-0: Foul Ball, location: 2F
0-1: Foul Ball, location: 2F
0-2: Strikes out swinging
Batting: LHB Eddie Flynn 0-0: Ball
1-0: Ball
2-0: Ball
3-0: Called Strike
3-1: Base on Balls
Pitching: RHP Jeff Territt
Batting: LHB Noel Ballard 0-0: Ball
1-0: Called Strike
1-1: Foul Ball, location: 2F
1-2: Foul Ball, location: 2F
1-2: Ball
2-2: Foul Ball, location: 2F
2-2: Ball
3-2: Foul Ball, location: 2F
3-2: Fly out, F8 (Flyball, 8RM)
Batting: LHB Melvin Castro 0-0: Swinging Strike
0-1: Ball
1-1: Called Strike
1-2: Foul Ball, location: 2F
1-2: Strikes out looking
Top of the 5th over - 0 run(s), 0 hit(s), 0 error(s), 1 left on base; Chicago 2 - Boston 2
BOTTOM OF THE 5TH
Boston Patriots batting - Pitching for Chicago Gold Sox : RHP Ralph McKinney
Batting: RHB Tamasaburo Kato 0-0: Called Strike
0-1: Ball
1-1: Swinging Strike
1-2: Ball
2-2: Ball
3-2: Foul Ball, location: 2F
3-2: Fly out, F8 (Flyball, 8RS)
Batting: LHB Jorge Pérez 0-0: Called Strike
0-1: Called Strike
0-2: Ball
1-2: Foul Ball, location: 2F
1-2: Ball
2-2: Strikes out swinging
Batting: RHB Logan Cole 0-0: Foul Ball, location: 2F
0-1: Foul Ball, location: 2F
0-2: Ball
1-2: Strikes out looking
Bottom of the 5th over - 0 run(s), 0 hit(s), 0 error(s), 0 left on base; Chicago 2 - Boston 2
TOP OF THE 6TH
Chicago Gold Sox batting - Pitching for Boston Patriots : RHP Jeff Territt
Batting: LHB Chris Hill 0-0: Ball
1-0: Foul Ball, location: 2F
1-1: Called Strike
1-2: Foul Ball, location: 2F
1-2: Ball
2-2: Ball
3-2: Strikes out swinging
Batting: RHB Tyrone Scott 0-0: Ball
1-0: Swinging Strike
1-1: Ball
2-1: Foul Ball, location: 2F
2-2: Ball
3-2: Strikes out swinging
Batting: LHB William Wise 0-0: Ball
1-0: Called Strike
1-1: Foul Ball, location: 2F
1-2: Strikes out looking
Top of the 6th over - 0 run(s), 0 hit(s), 0 error(s), 0 left on base; Chicago 2 - Boston 2
BOTTOM OF THE 6TH
Boston Patriots batting - Pitching for Chicago Gold Sox : RHP Ralph McKinney
Batting: RHB Terry Armstrong 0-0: Called Strike
0-1: Foul Ball, location: 2F
0-2: Foul Ball, location: 2F
0-2: Ball
1-2: Fly out, F9 (Flyball, 9D)
Batting: RHB Wilfred McLaughlin 0-0: Swinging Strike
0-1: SINGLE (Line Drive, 34D)
Batting: RHB Tommy Jones 0-0: Ball
1-0: Ball
2-0: Ball
3-0: Called Strike
3-1: Foul Ball, location: 2F
3-2: Base on Balls
Wilfred McLaughlin to second
Batting: RHB Karl Schultz 0-0: Called Strike
Wilfred McLaughlin steals 3rd base
Tommy Jones to second
0-1: Ball
1-1: Fly out, F7 (Flyball, 7LM)
Runner from 3rd tags up, SCORES, throw made
Batting: LHB Bill Chambers 0-0: Ball
1-0: Ball
2-0: Called Strike
2-1: Foul Ball, location: 2F
2-2: Strikes out swinging
Bottom of the 6th over - 1 run(s), 1 hit(s), 0 error(s), 1 left on base; Chicago 2 - Boston 3
TOP OF THE 7TH
Chicago Gold Sox batting - Pitching for Boston Patriots : RHP Jeff Territt
Batting: LHB Sam Good 0-0: Ball
1-0: Ball
2-0: Ball
3-0: Base on Balls
Batting: RHB Brady Ferris 0-0: Ball
1-0: Ball
2-0: Ball
3-0: Foul Ball, location: 2F
3-1: Base on Balls
Sam Good to second
Batting: RHB Rod Jones 0-0: Ball
1-0: Called Strike
1-1: Fly out, F4 (Line Drive, 4)
Batting: LHB Eddie Flynn 0-0: Called Strike
0-1: Ball
1-1: Ball
2-1: SINGLE (Line Drive, 3D)
Sam Good to third
Brady Ferris to second
Runner from 3rd tries for Home, SAFE, no throw or cutoff
Pitching: LHP John Coleman
Batting: LHB Noel Ballard 0-0: Fly out, F7 (Line Drive, 78M)
Batting: LHB Melvin Castro 0-0: Called Strike
0-1: Foul Ball, location: 2F
0-2: Ball
1-2: Ball
2-2: Ball
3-2: Strikes out swinging
Top of the 7th over - 1 run(s), 1 hit(s), 0 error(s), 2 left on base; Chicago 3 - Boston 3
BOTTOM OF THE 7TH
Boston Patriots batting - Pitching for Chicago Gold Sox : RHP Ralph McKinney
Batting: LHB Pancho García 0-0: Swinging Strike
0-1: Called Strike
0-2: Ball
1-2: Strikes out swinging
Batting: RHB Tamasaburo Kato 0-0: Ball
1-0: Fly out, F8 (Flyball, 8RM)
Batting: LHB Jorge Pérez 0-0: Foul Ball, location: 2F
0-1: Foul Ball, location: 2F
0-2: Ball
1-2: Foul Ball, location: 2F
1-2: Hit by Pitch
Pitching: RHP Esteban Arroyo
Batting: RHB Logan Cole 0-0: Ball
1-0: Ball
2-0: Called Strike
2-1: Called Strike
2-2: Fly out, F9 (Flyball, 89M)
Bottom of the 7th over - 0 run(s), 0 hit(s), 0 error(s), 1 left on base; Chicago 3 - Boston 3
TOP OF THE 8TH
Chicago Gold Sox batting - Pitching for Boston Patriots : LHP John Coleman
Batting: LHB Chris Hill 0-0: Ball
1-0: Ball
2-0: Called Strike
2-1: Foul Ball, location: 2F
2-2: Ball
3-2: Strikes out swinging
Batting: RHB Tyrone Scott 0-0: Ball
1-0: Called Strike
1-1: Called Strike
1-2: Foul Ball, location: 2F
1-2: Fly out, F7 (Flyball, 78D)
Batting: LHB William Wise 0-0: Called Strike
0-1: Ball
1-1: Ground out 4-3 (Groundball, 4)
Top of the 8th over - 0 run(s), 0 hit(s), 0 error(s), 0 left on base; Chicago 3 - Boston 3
BOTTOM OF THE 8TH
Boston Patriots batting - Pitching for Chicago Gold Sox : RHP Esteban Arroyo
Batting: RHB Terry Armstrong 0-0: Ball
1-0: Ground out 4-3 (Groundball, 34)
Batting: RHB Wilfred McLaughlin 0-0: Called Strike
0-1: Foul Ball, location: 2F
0-2: Ball
1-2: Ball
2-2: Foul Ball, location: 2F
2-2: Ground out 6-3 (Groundball, 6)
Batting: RHB Tommy Jones 0-0: Ball
1-0: Called Strike
1-1: Ball
2-1: Foul Ball, location: 2F
2-2: Ball
3-2: Foul Ball, location: 2F
3-2: Base on Balls
Batting: RHB Karl Schultz 0-0: Ball
1-0: Ball
2-0: Ball
3-0: Called Strike
3-1: Swinging Strike
3-2: Strikes out swinging
Bottom of the 8th over - 0 run(s), 0 hit(s), 0 error(s), 1 left on base; Chicago 3 - Boston 3
TOP OF THE 9TH
Chicago Gold Sox batting - Pitching for Boston Patriots : LHP John Coleman
Pitching: LHP Eugene Clarkston
Pinch Hitting: RHB Pedro González 0-0: Ball
1-0: SINGLE (Groundball, 25) (infield hit)
Pinch Hitting: RHB Takeru Sanu 0-0: Called Strike
0-1: Called Strike
0-2: Ball
1-2: Foul Ball, location: 2F
1-2: Foul Ball, location: 2F
1-2: Ball
2-2: Strikes out looking
Batting: RHB Rod Jones 0-0: Ball
1-0: Called Strike
1-1: Ball
2-1: Swinging Strike
2-2: Foul Ball, location: 2F
2-2: Ball
3-2: Foul Ball, location: 2F
3-2: Strikes out looking
Batting: LHB Eddie Flynn 0-0: Ball
1-0: Swinging Strike
1-1: Ball
2-1: Foul Ball, location: 2F
2-2: Ground out 1-3 (Groundball, 13S)
Top of the 9th over - 0 run(s), 1 hit(s), 0 error(s), 1 left on base; Chicago 3 - Boston 3
BOTTOM OF THE 9TH
Boston Patriots batting - Pitching for Chicago Gold Sox : RHP Esteban Arroyo
Pitching: RHP Augusto Dávila
Now at SS: Brent Barlow
Now in LF: Takeru Sanu
Batting: LHB Bill Chambers 0-0: SINGLE (Groundball, 34D)
Batting: LHB Pancho García 0-0: Called Strike
0-1: Ball
1-1: Called Strike
1-2: Ball
2-2: SINGLE (Groundball, 34D)
Bill Chambers to second
Runner from 2nd tries for 3rd, OUT!
Batting: RHB Tamasaburo Kato 0-0: Ball
1-0: Ball
2-0: Called Strike
2-1: Ball
3-1: Swinging Strike
3-2: Foul Ball, location: 2F
3-2: Base on Balls
Pancho García to second
Batting: LHB Jorge Pérez 0-0: Called Strike
0-1: Foul Ball, location: 2F
0-2: Ball
1-2: Foul Ball, location: 2F
1-2: Ball
2-2: Fielders Choice at 2nd, 3-6 (Groundball, 3)
Pancho García to third
Pinch Hitting: LHB Alberto Enríquez 0-0: Ball
1-0: Ball
2-0: Swinging Strike
2-1: Swinging Strike
2-2: Ball
3-2: Base on Balls
Jorge Pérez to second
Batting: RHB Terry Armstrong 0-0: Ball
1-0: Ball
2-0: Ball
3-0: Fly out, F7 (Flyball, 7D)
Bottom of the 9th over - 0 run(s), 2 hit(s), 0 error(s), 3 left on base; Chicago 3 - Boston 3
TOP OF THE 10TH
Chicago Gold Sox batting - Pitching for Boston Patriots : LHP Eugene Clarkston
Now at C: Bobby Christopher
Batting: LHB Noel Ballard 0-0: Ball
1-0: Foul Ball, location: 2F
1-1: Foul Ball, location: 2F
1-2: Fly out, F7 (Flyball, 78S)
Batting: LHB Melvin Castro 0-0: SINGLE (Flyball, 9S)
Batting: LHB Chris Hill 0-0: Called Strike
0-1: SINGLE (Flyball, 7S)
Melvin Castro to second
Batting: RHB Tyrone Scott 0-0: Ball
1-0: Foul Ball, location: 2F
1-1: Called Strike
1-2: Ball
2-2: Ball
3-2: Strikes out swinging
Batting: LHB William Wise 0-0: Ball
1-0: Ball
2-0: Foul Ball, location: 2F
2-1: SINGLE (Line Drive, 56D)
Melvin Castro to third
Chris Hill to second
Throwing error, E7
Melvin Castro scores
Chris Hill to third
William Wise to second
Batting: RHB Brent Barlow 0-0: Swinging Strike
0-1: Foul Ball, location: 2F
0-2: Foul Ball, location: 2F
0-2: Ball
1-2: Strikes out swinging
Top of the 10th over - 1 run(s), 3 hit(s), 1 error(s), 2 left on base; Chicago 4 - Boston 3
BOTTOM OF THE 10TH
Boston Patriots batting - Pitching for Chicago Gold Sox : RHP Augusto Dávila
Batting: RHB Wilfred McLaughlin 0-0: Swinging Strike
0-1: Ball
1-1: Foul Ball, location: 2F
1-2: Ball
2-2: Ball
3-2: SINGLE (Line Drive, 78S)
Batting: RHB Tommy Jones 0-0: Foul Ball, location: 2F
0-1: Ball
1-1: Foul Ball, location: 2F
1-2: Fly out, F7 (Flyball, 78S)
Batting: RHB Karl Schultz 0-0: Ball
1-0: Called Strike
1-1: Foul Ball, location: 2F
1-2: Ball
2-2: Foul Ball, location: 2F
2-2: Ball
3-2: Reached on error, E5 (Groundball, 5)
Wilfred McLaughlin to second
Pitching: LHP Jim Eliott
Batting: LHB Bill Chambers 0-0: Ball
1-0: Called Strike
1-1: Called Strike
1-2: Ball
2-2: Grounds into double play, U4-3 (Groundball, 4)
Bottom of the 10th over - 0 run(s), 1 hit(s), 1 error(s), 1 left on base; Chicago 4 - Boston 3
This league is powered by Out of the Park Baseball, the baseball management simulation game for PC, Mac and Linux
Monday, October 3rd, 2016 - OOTP Baseball 16.9 Build 39